 Dungeon Crawl Stone Soup version 0.30-a0-918-g0ff054e9dc (webtiles) character file.

Game seed: 7632841594951299148

55 Iniera the Sneak (level 3, -1/18 HPs)
             Began as a Vine Stalker Brigand on Mar 20, 2023.
             Slain by a gnoll
             ... wielding a +0 flail
              (8 damage)
             ... on level 2 of the Dungeon.
             The game lasted 00:02:16 (734 turns).

Iniera the Sneak (Vine Stalker Brigand)              Turns: 734, Time: 00:02:17

Health: -1/18      AC:  3    Str: 13    XL:     3   Next: 93%
Magic:  0/4        EV: 11    Int: 11    God:
Gold:   80         SH:  0    Dex: 17    Spells: 2/2 levels left

rFire   . . .      SeeInvis .    a - +2 dagger
rCold   . . .      Faith    .    (no shield)
rNeg    . . .      Spirit   +    b - +0 robe
rPois   .          Reflect  .    (no helmet)
rElec   .          Rampage  .    c - +0 cloak
rCorr   .                        (no gloves)
Will    .....                    (no boots)
Stlth   +++                      (no amulet)
HPRegen 0.23/turn                (no ring)
MPRegen 0.09/turn                (no ring)

@: no status effects
A: fangs 2, magic shield, antimagic bite, no potion heal 2
a: no special abilities


You were on level 2 of the Dungeon.
You visited 1 branch of the dungeon, and saw 2 of its levels.

You collected 80 gold pieces.

Inventory:

Hand Weapons
 a - a +2 dagger (weapon)
Missiles
 d - 9 poisoned darts (quivered)
 e - 3 curare-tipped darts
Armour
 b - a +0 robe (worn)
 c - a +0 cloak (worn)
Scrolls
 f - a scroll of magic mapping {unknown}
 g - 3 scrolls of fear {unknown}
 h - a scroll of enchant weapon {unknown}


   Skills:
 - Level 1.7 Fighting
 * Level 3.7 Short Blades
 - Level 1.7 Throwing
 - Level 0.7 Dodging
 - Level 4.8 Stealth


You had 2 spell levels left.
You didn't know any spells.
Your spell library contained the following spells:

 Spells                   Type           Power      Damage    Failure   Level
 Shock                    Conj/Air       0%         1d3       34%         1
 Portal Projectile        Hex/Tloc       0%         N/A       71%         3
 Swiftness                Air            0%         N/A       71%         3
 Tukima's Dance           Hex            0%         N/A       71%         3
 Airstrike                Air            0%         2d(0-16)  98%         4
 Blade Hands              Tmut           0%         N/A       100%        5


Dungeon Overview and Level Annotations

Branches:
Dungeon (2/15)

Altars:


Innate Abilities, Weirdness & Mutations

You have extremely sharp teeth.
When hurt, damage is shared between your health and your magic reserves.
Your bite disrupts and absorbs the magic of your enemies.
Potions cannot restore your health.


Message History

No target in view!
No target in view!
Search for what [? for help]? ring You see here a +0 ring mail.
You now have 80 gold pieces (gained 10).
There is a stone staircase leading up here.
Found a stone staircase leading down. 2 gnolls come into view.
There are monsters nearby! 2 gnolls come into view.
The helpless gnoll fails to defend itself.
You impale the gnoll!!
You kill the gnoll!
The gnoll shouts!
You hear a shout!
A goblin comes into view. It is wielding a +0 dagger.
The gnoll hits you with a +0 spear!
You closely miss the gnoll. You bite the gnoll. You drain its power.
You feel invigorated.
The gnoll is lightly wounded.
The gnoll barely misses you.
You hit the gnoll. You bite the gnoll. You drain its power.
The gnoll is almost dead.
The gnoll hits you with a +0 spear.
You closely miss the gnoll.
The gnoll is almost dead.
The gnoll hits you with a +0 spear.
You hit the gnoll but do no damage. Your bite misses the gnoll.
The gnoll is almost dead.
You hit the gnoll.
You kill the gnoll!
You hit the gnoll. Your bite misses the gnoll.
The gnoll is moderately wounded.
The gnoll barely misses you.
You closely miss the gnoll. Your bite misses the gnoll.
The gnoll is moderately wounded.
The gnoll closely misses you.
You hit the gnoll. You bite the gnoll, but do no damage.
The gnoll is severely wounded.
The gnoll hits you with a +0 flail!
You die...

..####...#..##.#...# ..
..# #.#.......#...# ###.
..# #.###.....#...# #..
..# #.# ##....#...###.#
..# #.# #..#......##.#
..####.# #..#.####..g.#
<....#.####..#.# #..#.##
.......#.....#.####..#..#
)..#........##..@g.>###g.#
...#........##..##### #g#
##.#.###........#


gg. #...# ###.####.# ###. ##### #.####.# # #......# ######## You could see a
gnoll.

Vanquished Creatures
  2 gnolls (D:2)
  2 dart slugs (D:1)
  6 endoplasms
  A giant cockroach (D:1)
  4 goblins
  3 quokkas (D:1)
  2 ball pythons (D:1)
  3 bats (D:1)
  A frilled lizard (D:1)
  3 kobolds
  5 rats
32 creatures vanquished.

Notes
Turn   | Place    | Note
-------+----------+-------------------------------------------
     0 | D:1      | Iniera the Vine Stalker Brigand began the quest for the
                  | Orb.
     0 | D:1      | Reached XP level 1. HP: 11/11 MP: 2/2
   119 | D:1      | Reached XP level 2. HP: 15/15 MP: 3/3
   322 | D:1      | Reached XP level 3. HP: 18/18 MP: 4/4
   734 | D:2      | Slain by a gnoll

Illustrated notes

Levels and vault maps discovered:
D:1:      psy_arrival_spokes, layout_rooms, nicolae_titane
D:2:      layout_basic, nicolae_kite_square_tiling_tiny

Skill      XL: |  1  2 |
---------------+-------+-----
Short Blades   | 2 3 |  3.7
Fighting       | |  1.7
Throwing       | |  1.7
Dodging        | |  0.7
Stealth        | |  4.8

Action                     || total
---------------------------++-------
  Melee: Dagger            ||    72
         Bite              ||    17
         Punch             ||     1
  Throw: Dart              ||     1
    Use: Scroll            ||     1
   Stab: Sleeping          ||     8
 Armour: Robe              ||    12
  Dodge: Dodged            ||    29

Table legend: (Time is in decaauts)
 A = Elapsed time spent in this place.
 B = Non-inter-level travel time spent in this place.
 C = Inter-level travel time spent in this place.
 D = Time resting spent in this place.
 E = Time spent auto-exploring this place.
 F = Levels seen in this place.
 G = Mean time per level.
                   A        B        C        D        E       F      G
               +--------+--------+--------+--------+--------+-----+--------+
         Total |    724 |    672 |     52 |      0 |    501 |   2 |  362.0 |
       Dungeon |    724 |    672 |     52 |      0 |    501 |   2 |  362.0 |
               +--------+--------+--------+--------+--------+-----+--------+

Top non-repeatable levels by time:
     D:1: 590 daAuts
     D:2: 134 daAuts
